 Dungeon Crawl Stone Soup version 0.23.0-42-geed6394 (webtiles) character file.

Game seed: 0

39495 Hasart the Eclecticist (level 13, 0/63 HPs)
             Began as a Deep Elf Earth Elementalist on Feb 28, 2019.
             Was a High Priest of Vehumet.
             Hit by a large rock thrown by a stone giant (27 damage)
             ... on level 2 of the Orcish Mines.
             The game lasted 00:55:48 (20089 turns).

Hasart the Eclecticist (DEEE)                      Turns: 20089, Time: 00:55:49

Health: 0/63       AC:  9    Str:  5    XL:     13   Next: 69%
Magic:  24/34      EV: 14    Int: 26    God:    Vehumet [*****.]
Gold:   1394       SH:  0    Dex: 15    Spells: 21/42 levels left

rFire    . . .     SeeInvis .   w - staff of earth (curse)
rCold    . . .     Gourm    .   (no shield)
rNeg     . . .     Faith    .   f - +1 leather armour {rPois}
rPois    +         Spirit   .   Q - +0 helmet
rElec    .         Reflect  .   q - scarf {repulsion}
rCorr    .         Harm     .   c - +0 pair of gloves
MR       +....                  D - +2 pair of boots
Stlth    ++........             (no amulet)
HPRegen  0.20/turn              (no ring)
MPRegen  0.24/turn              (no ring)

@: repel missiles
A: no striking features
a: Renounce Religion


You were on level 2 of the Orcish Mines.
You worshipped Vehumet.
Vehumet was extremely pleased with you.
You were not hungry.

You visited 2 branches of the dungeon, and saw 16 of its levels.

You collected 1466 gold pieces.
You spent 72 gold pieces at shops.

Inventory:

Hand Weapons
 F - a +2 falchion of electrocution
Missiles
 z - 380 stones (quivered)
Armour
 c - a +0 pair of gloves (worn)
 f - a +1 leather armour of poison resistance (worn)
 q - a scarf of repulsion (worn)
 D - a +2 pair of boots (worn)
 Q - a +0 helmet (worn)
 T - a +2 cloak
Magical Staves
 w - a cursed staff of earth (weapon)
Jewellery
 N - an uncursed ring of ice
Wands
 s - a wand of iceblast (10)
 y - a wand of enslavement (14)
 I - a wand of acid (9)
 L - a wand of disintegration (29)
 M - a wand of scattershot (3)
 S - a wand of clouds (3)
Scrolls
 h - 3 scrolls of fear {unknown}
 l - 4 scrolls of immolation {unknown}
 m - 11 scrolls of teleportation {unknown}
 n - 15 scrolls of identify
 o - 4 scrolls of magic mapping {unknown}
 r - 2 scrolls of enchant weapon {unknown}
 t - 5 scrolls of remove curse
 v - 2 scrolls of enchant armour {unknown}
 x - 3 scrolls of random uselessness
 B - a scroll of blinking {unknown}
 G - 5 scrolls of amnesia {unknown}
 H - a scroll of acquirement {unknown}
 J - a scroll of silence {unknown}
 K - 2 scrolls of noise {unknown}
Potions
 a - 2 potions of resistance {unknown}
 b - 3 potions of might {unknown}
 e - 2 potions of brilliance {unknown}
 g - 3 potions of haste {unknown}
 i - 4 potions of lignification {unknown}
 j - 5 potions of magic {unknown}
 k - 2 potions of degeneration {unknown}
 p - a potion of flight {unknown}
 u - 3 potions of mutation {unknown}
 A - 4 potions of curing {unknown}
 C - a potion of invisibility {unknown}
 E - a potion of experience {unknown}
 O - a potion of berserk rage {unknown}
 P - a potion of agility
 R - a potion of cancellation {unknown}
Comestibles
 d - 29 rations


   Skills:
 - Level 6.0 Dodging
 - Level 2.4 Stealth
 + Level 15.4 Spellcasting
 + Level 13.6 Conjurations
   Level 1.1 Transmutations
 - Level 6.0 Fire Magic
 * Level 14.7 Earth Magic
 - Level 5.0 Evocations


You had 21 spell levels left.
You knew the following spells:

 Your Spells              Type           Power        Failure   Level  Hunger
a - Stone Arrow           Conj/Erth      ######       1%          3    None
b - Sandblast             Erth           ######       0%          1    None
c - Lee's Rapid Deconstr  Erth           #######...   1%          5    None
d - Bolt of Magma         Conj/Fire/Erth #######...   1%          5    None
e - Orb of Destruction    Conj           ######....   4%          7    #####..

Your spell library contained the following spells:

 Spells                   Type           Power        Failure   Level  Hunger
 Flame Tongue             Conj/Fire      #####        1%          1    None
 Passwall                 Tmut/Erth      #######.     1%          2    None
 Throw Flame              Conj/Fire      ######       1%          2    None
 Conjure Flame            Conj/Fire      ######..     1%          3    None
 Inner Flame              Hex/Fire       #####...     1%          3    None
 Petrify                  Tmut/Erth      #######.     1%          4    None
 Sticky Flame             Conj/Fire      ######..     1%          4    None
 Fireball                 Conj/Fire      ######....   1%          5    None


Dungeon Overview and Level Annotations

Branches:
Dungeon (14/15)            Temple (0/1) D:6            Lair (0/6) D:8
    Orc (2/2) D:10
    Elf: Orc:2       Vaults: D:13-14

Altars:
Cheibriados
Dithmenos
Elyvilon
Hepliaklqana
Makhleb
Uskayaw
Vehumet
Zin

Shops:
Orc:1 ?   Orc:2 [

Annotations:
D:13 3 runed translucent doors, Graouh's ghost, journeyman MiFi


Message History

The blast of rock fragments hits the stone giant!
The stone giant is lightly wounded.
You hear a shout! x3
Unknown command.
Unknown command.
Casting: Lee's Rapid Deconstruction (safe; 1% risk of failure)
Confirm with . or Enter, or press ? or * to list all spells.
Aiming: Lee's Rapid Deconstruction (safe; 1% risk of failure)
Press: ? - help, Dir - move target cursor An orcish idol.
You feel a surge of power!
The stone idol shatters!
The blast of rock fragments hits the stone giant but does no damage.
The stone giant is lightly wounded.
The blast of rock fragments hits the cyclops!!
The cyclops is almost dead.
You hear a shout!
The cyclops throws a large rock.
The large rock hits you!!!
Ouch! That really hurt!
The stone giant throws a large rock.
The large rock hits you!!
You die...

. ### ..
#..#... .......
## .......
##.##.#......#
#.....@.......
##............
#....P...P.P..
#..............
...#..........P
.. #...C8CC....
. ......∩....P
.............


You could see a stone giant and 2 cyclopes.

Vanquished Creatures
  Rupert (D:14)
  Agnes (D:14)
  A fire dragon (D:14)
  3 vault guards (D:14)
  A hydra (D:13)
  Fannar (D:12)
  3 centaur warriors
  6 two-headed ogres
  An orc high priest (Orc:1)
  2 unseen horrors (D:13)
  Pikel (D:8)
  An orc knight (Orc:1)
  A necromancer (D:14)
  4 cyclopes
  3 manticores
  4 gargoyles
  Maurice (Orc:1)
  2 yaktaurs (D:14)
  A troll (D:11)
  A queen bee (D:13)
  3 meliai (D:13)
  4 hippogriffs
  5 slime creatures
  11 yaks
  14 humans
  A wyvern (D:14)
  3 wraiths
  A basilisk (D:8)
  A hungry ghost (D:9)
  2 hogs (D:12)
  A steam dragon (D:11)
  2 soldier ants
  Duvessa (D:7)
  4 porcupines
  A water moccasin (D:10)
  12 orc warriors
  An ice beast (D:13)
  A black bear (D:12)
  An eye of draining (D:13)
  5 sky beasts
  2 slaves (D:8)
  7 ogres
  4 phantoms
  A necrophage (D:11)
  11 centaurs
  2 crocodiles (D:8)
  A big kobold (D:10)
  9 bullfrogs
  A wyvern skeleton (D:13)
  4 scorpions
  A water moccasin skeleton (D:10)
  Dowan (D:7)
  11 wights
  23 killer bees
  9 howler monkeys
  4 crimson imps
  A centaur zombie (D:6)
  7 jellies
  4 hounds
  32 orc wizards
  3 bullfrog skeletons
  4 centaur skeletons
  11 orc priests
  A gnoll shaman (D:6)
  7 iguanas
  Ijyb (D:3)
  10 worker ants
  3 hound zombies
  A hound skeleton (D:11)
  4 gnolls (D:6)
  A howler monkey skeleton (D:5)
  13 adders
  6 shadow imps
  3 worms
  A dart slug (D:2)
  10 leopard geckos
  75 orcs
  10 bats
  6 giant cockroaches
  17 goblins
  10 hobgoblins
  9 jackals
  7 quokkas
  2 ball pythons
  6 frilled lizards
  17 kobolds
  A leopard gecko skeleton (D:5)
  11 rats
498 creatures vanquished.

Vanquished Creatures (others)
  2 slaves (D:8)
  3 fungi (D:8)
  10 plants (D:8)
15 creatures vanquished.

Grand Total: 513 creatures vanquished

Notes
Turn   | Place    | Note
-------+----------+-------------------------------------------
     0 | D:1      | Hasart the Deep Elf Earth Elementalist began the quest for
                  | the Orb.
     0 | D:1      | Reached XP level 1. HP: 10/10 MP: 6/6
   423 | D:1      | Reached XP level 2. HP: 15/15 MP: 2/8
  1485 | D:2      | Reached XP level 3. HP: 19/19 MP: 8/10
  1570 | D:2      | Found a hide-covered altar of Uskayaw.
  1692 | D:2      | Found a snail-covered altar of Cheibriados.
  1694 | D:2      | Found a radiant altar of Vehumet.
  1704 | D:2      | Became a worshipper of Vehumet
  1772 | D:2      | Reached XP level 4. HP: 24/24 MP: 9/11
  1774 | D:2      | Reached skill level 4 in Spellcasting
  1980 | D:2      | Found a shadowy altar of Dithmenos.
  2297 | D:3      | Reached skill level 5 in Earth Magic
  2297 | D:3      | Reached XP level 5. HP: 28/28 MP: 8/13
  2301 | D:3      | Reached * piety under Vehumet
  2301 | D:3      | Offered knowledge of Freeze by Vehumet.
  2491 | D:3      | Noticed Ijyb
  2543 | D:3      | Killed Ijyb
  2675 | D:3      | Reached ** piety under Vehumet
  2675 | D:3      | Offered knowledge of Throw Flame by Vehumet.
  2805 | D:3      | Reached XP level 6. HP: 32/32 MP: 15/15
  2811 | D:3      | Reached skill level 5 in Spellcasting
  3737 | D:5      | Entered Level 5 of the Dungeon
  3787 | D:5      | Reached XP level 7. HP: 36/36 MP: 14/17
  3856 | D:5      | Reached skill level 5 in Dodging
  3864 | D:5      | Offered knowledge of Static Discharge by Vehumet.
  3864 | D:5      | Reached skill level 6 in Spellcasting
  4216 | D:5      | Learned a level 3 spell: Stone Arrow
  4222 | D:5      | Learned a level 5 spell: Lee's Rapid Deconstruction
  4288 | D:5      | Reached *** piety under Vehumet
  4647 | D:5      | Reached XP level 8. HP: 41/41 MP: 15/20
  4871 | D:6      | Reached skill level 7 in Spellcasting
  5041 | D:6      | Reached skill level 1 in Conjurations
  5207 | D:6      | Offered knowledge of Inner Flame by Vehumet.
  5560 | D:6      | Found a staircase to the Ecumenical Temple.
  5632 | D:6      | Found a glowing silver altar of Zin.
  5944 | D:6      | Found a burning altar of Makhleb.
  6054 | D:7      | Reached skill level 8 in Spellcasting
  6317 | D:7      | Noticed Dowan
  6328 | D:6      | Reached **** piety under Vehumet
  6428 | D:7      | Reached skill level 5 in Conjurations
  6430 | D:7      | Killed Dowan
  6430 | D:7      | Reached XP level 9. HP: 45/45 MP: 6/23
  6519 | D:7      | Noticed Duvessa
  6531 | D:7      | Killed Duvessa
  6736 | D:7      | Found a white marble altar of Elyvilon.
  7022 | D:7      | Offered knowledge of Bolt of Magma by Vehumet.
  7536 | D:8      | Noticed Pikel
  7538 | D:8      | Killed Pikel
  7538 | D:8      | Reached skill level 9 in Spellcasting
  7661 | D:8      | Found a staircase to the Lair.
  8006 | D:8      | Reached skill level 10 in Earth Magic
  8006 | D:8      | Reached XP level 10. HP: 50/50 MP: 18/25
  8014 | D:8      | Reached skill level 10 in Spellcasting
  9620 | D:9      | Reached skill level 1 in Evocations
  9722 | D:9      | Found a hazy altar of Hepliaklqana.
  9774 | D:9      | Reached ***** piety under Vehumet
  9793 | D:9      | Learned a level 5 spell: Bolt of Magma
  9849 | D:9      | Offered knowledge of Ozocubu's Refrigeration by Vehumet.
  9959 | D:9      | Reached skill level 1 in Fire Magic
 10360 | D:10     | Entered Level 10 of the Dungeon
 10685 | D:10     | Found a staircase to the Orcish Mines.
 10693 | D:10     | Reached skill level 11 in Spellcasting
 10765 | D:10     | Reached skill level 10 in Conjurations
 10835 | D:10     | Noticed a two-headed ogre
 10841 | D:10     | Killed a two-headed ogre
 10866 | D:10     | Reached XP level 11. HP: 54/54 MP: 2/28
 11909 | D:11     | Noticed a centaur warrior
 11914 | D:11     | Killed a centaur warrior
 11914 | D:11     | Reached skill level 5 in Fire Magic
 11948 | D:11     | Upgraded the game from 0.23.0-38-g208d714 to
                  | 0.23.0-42-geed6394
 12808 | D:11     | Noticed a two-headed ogre
 12816 | D:11     | Killed a two-headed ogre
 13526 | D:12     | Noticed Fannar
 13658 | D:12     | Noticed a two-headed ogre
 13673 | D:11     | Killed a two-headed ogre
 13673 | D:11     | Reached skill level 12 in Spellcasting
 13673 | D:11     | Reached skill level 5 in Evocations
 14350 | D:12     | Killed Fannar
 14350 | D:12     | Reached XP level 12. HP: 42/59 MP: 1/30
 14683 | D:12     | Noticed a two-headed ogre
 14688 | D:12     | Killed a two-headed ogre
 14989 | D:12     | Reached skill level 13 in Spellcasting
 15404 | D:13     | Found a runed translucent gate.
 15404 | D:13     | Found a runed translucent gate.
 15404 | D:13     | Found a runed translucent gate.
 15474 | D:13     | Noticed Graouh's ghost (journeyman MiFi)
 15610 | D:13     | Noticed a six-headed hydra
 15637 | D:13     | Killed a six-headed hydra
 15729 | D:13     | Noticed a two-headed ogre
 15735 | D:13     | Killed a two-headed ogre
 16071 | D:13     | Reached skill level 14 in Spellcasting
 16210 | D:13     | Offered knowledge of Orb of Destruction by Vehumet.
 16505 | D:13     | Noticed a two-headed ogre
 16510 | D:13     | Killed a two-headed ogre
 16711 | D:14     | Noticed Rupert
 16716 | D:14     | Killed Rupert
 16716 | D:14     | Reached XP level 13. HP: 56/63 MP: 9/33
 16770 | D:14     | Noticed a fire dragon
 16903 | D:14     | Noticed Agnes
 16912 | D:14     | Killed Agnes
 16960 | D:13     | Learned a level 7 spell: Orb of Destruction
 17764 | D:14     | Reached skill level 15 in Spellcasting
 18033 | D:14     | Killed a fire dragon
 18634 | Orc:1    | Entered Level 1 of the Orcish Mines
 19227 | Orc:1    | Noticed Maurice
 19237 | Orc:1    | Killed Maurice
 19793 | Orc:1    | Found Loham's Magic Scroll Boutique.
 19833 | Orc:1    | Bought a scroll of remove curse for 36 gold pieces
 19833 | Orc:1    | Bought a scroll of identify for 24 gold pieces
 19833 | Orc:1    | Bought a scroll of random uselessness for 12 gold pieces
 20087 | Orc:2    | Entered Level 2 of the Orcish Mines
 20087 | Orc:2    | Found Gubisirgh's Antique Armour Shoppe.
 20087 | Orc:2    | Noticed a stone giant
 20089 | Orc:2    | Hit by a large rock thrown by a stone giant

Skill      XL: |  1  2  3  4  5  6  7  8  9 10 11 12 13 |
---------------+----------------------------------------+-----
Earth Magic    | 4 5 6 7 8 10 11 13 14 | 14.7
Dodging        | 3 4 5 6 |  6.0
Spellcasting   | 4 5 6 8 9 11 12 14 15 | 15.4
Conjurations   | 5 8 10 11 12 13 | 13.6
Evocations     | 2 5 |  5.0
Fire Magic     | 3 6 |  6.0
Stealth        | |  2.4
Transmutations | |  1.1

Action                   |  1- 3 |  4- 6 |  7- 9 | 10-12 | 13-15 || total
-------------------------+-------+-------+-------+-------+-------++-------
Melee: Dagger            |   113 |    23 |       |       |       ||   136
       Whip              |       |    17 |    56 |     9 |       ||    82
       Staff             |       |       |       |    28 |     2 ||    30
 Cast: Sandblast         |    58 |    97 |    17 |     8 |       ||   180
       Stone Arrow       |       |       |   121 |   298 |    88 ||   507
       Lee's Rapid Decon |       |       |    16 |    71 |    42 ||   129
       Orb of Destructio |       |       |       |       |     5 ||     5
Evoke: Wand              |       |       |       |     1 |     1 ||     2
 Stab: Sleeping          |     2 |     2 |     1 |     2 |       ||     7
       Distracted        |       |       |     1 |       |       ||     1
  Eat: Chunk             |     3 |     6 |     9 |    23 |     8 ||    49
       Ration            |       |       |     2 |     3 |     1 ||     6
Armor: Leather armour    |     9 |    16 |    30 |    41 |     6 ||   102
Dodge: Dodged            |    25 |    40 |    68 |    82 |    21 ||   236
       Deflected         |       |     2 |     3 |    14 |     7 ||    26
